 Dungeon Crawl Stone Soup version 0.18-a0-1805-g8ab820f (webtiles) character file.

184 warlockg3 the Shield-Bearer (level 5, 0/33 HPs)
             Began as a Gargoyle Fighter on Apr 26, 2016.
             Was a Follower of Cheibriados.
             Slain by an orc
             ... wielding a +0 mace
              (5 damage)
             ... on level 4 of the Dungeon.
             The game lasted 00:17:51 (2699 turns).

warlockg3 the Shield-Bearer (Gargoyle Fighter)      Turns: 2699, Time: 00:17:52

Health: 0/33       AC: 11    Str: 22    XL:     5   Next: 64%
Magic:  5/5        EV:  8    Int: 11    God:    Cheibriados [*.....]
Gold:   55         SH: 10    Dex: 11    Spells: 0 memorised, 4 levels left

rFire  . . .     SeeInvis .     r - +0 morningstar
rCold  . . .     Gourm    .     a - +0 scale mail
rNeg   + . .     Faith    .     b - +0 shield
rPois  ∞         Spirit   .     (no helmet)
rElec  +         Dismiss  .     (no cloak)
rCorr  .         Reflect  .     (no gloves)
SustAt .         Harm     +     (no boots)
MR     .....                    j - amulet of harm
Stlth  ..........               (no ring)
                                (no ring)

@: very slow, not resistant to hostile enchantments, extremely unstealthy
A: negative energy resistance 1, electricity resistance, unbreathing,
petrification resistance, rot immunity, AC +4
a: Bend Time, Renounce Religion


You were on level 4 of the Dungeon.
You worshipped Cheibriados.
Cheibriados was aware of your devotion.
You were very hungry.

You visited 1 branch of the dungeon, and saw 4 of its levels.

You collected 55 gold pieces.

Inventory:

Hand Weapons
 r - a +0 morningstar (weapon)
Armour
 a - a +0 scale mail (worn)
 b - a +0 shield (worn)
 d - a +0 ring mail
Jewellery
 j - an amulet of harm (around neck)
 k - an uncursed ring of magical power {unknown}
Scrolls
 e - 2 scrolls of blinking
 l - a scroll of noise {unknown}
 m - a scroll of amnesia {unknown}
 o - a scroll of fog {unknown}
Potions
 c - 2 potions of might
 f - 2 potions of magic {unknown}
 g - a potion of lignification {unknown}
 h - a potion of resistance {unknown}
 n - a potion of brilliance {unknown}
 q - a potion of cancellation {unknown}
Comestibles
 i - 2 bread rations
 p - a beef jerky


   Skills:
 + Level 3.8 Fighting
 * Level 0.2 Maces & Flails
 + Level 4.2 Armour
 + Level 1.2 Dodging
 + Level 4.9 Shields
 - Level 2.8 Unarmed Combat


You had 4 spell levels left.
You didn't know any spells.

Dungeon Overview and Level Annotations

Branches:
Dungeon (4/15)
 Temple: D:4-7

Altars:
Ashenzari
Cheibriados
Dithmenos
Okawaru
Trog


Innate Abilities, Weirdness & Mutations

You are resistant to torment.
Your stone body is resilient (AC +4).
You are immune to poison.
You resist negative energy.
You are resistant to electric shocks.
You can survive without breathing.
You are immune to petrification.
You are immune to rotting.


Message History

The puff of frost hits you! You block the orc's attack.
The orc hits you with a mace.
You closely miss the orc wizard. The orc wizard casts a spell at you.
The puff of flame hits you!
* * * LOW HITPOINT WARNING * * *
The orc hits you but does no damage.
The orc wizard hits you but does no damage.
The orc hits you but does no damage.
The orc wizard hits you but does no damage.
You block the orc's attack. The phantom barely misses you.
You block the orc's attack. The orc wizard completely misses you.
The orc wizard hits you with a dagger.
* * * LOW HITPOINT WARNING * * *
The orc hits you but does no damage.
You barely miss the orc.
The orc wizard hits you but does no damage.
You block the orc's attack. The phantom barely misses you.
You block the orc wizard's attack. The orc hits you with a mace.
You die...

##.......##
...).....#
.......#
.....#
#####...#
#<......#
#†####..#
#.####..#
###.##@W..#
......ooo#.#
##.#.##r<#.#
#.......#
......###
...(.#..#
..##.#.)# .
.....# ##
#.#.


You could see a phantom, an orc wizard, 2 orcs and a quokka.

Vanquished Creatures
  A worker ant (D:4)
  A gnoll (D:1)
  5 adders
  2 oozes (D:1)
  An adder skeleton (D:3)
  5 worms
  A dart slug (D:1)
  2 giant geckos (D:1)
  6 orcs
  5 bats
  A giant cockroach (D:3)
  9 goblins
  9 hobgoblins
  6 jackals (D:2)
  8 kobolds
  4 quokkas (D:3)
  3 rats (D:1)
69 creatures vanquished.

Notes
Turn   | Place    | Note
--------------------------------------------------------------
     0 | D:1      | warlockg3 the Gargoyle Fighter began the quest for the Orb.
     0 | D:1      | Reached XP level 1. HP: 14/14 MP: 1/1
    28 | D:1      | Reached XP level 2. HP: 16/19 MP: 2/2
   556 | D:1      | Reached XP level 3. HP: 23/23 MP: 3/3
   938 | D:2      | Reached XP level 4. HP: 21/29 MP: 4/4
  1396 | D:2      | Found a bloodstained altar of Trog.
  1682 | D:3      | Found a snail-covered altar of Cheibriados.
  1691 | D:3      | Found a shadowy altar of Dithmenos.
  1693 | D:3      | Became a worshipper of Cheibriados the Contemplative
  1696 | D:3      | Found an iron altar of Okawaru.
  1696 | D:3      | Found a shattered altar of Ashenzari.
  2060 | D:3      | Reached skill level 1 in Dodging
  2060 | D:3      | Reached XP level 5. HP: 33/33 MP: 5/5
  2249 | D:3      | Reached * piety under Cheibriados
  2679 | D:4      | Noticed a phantom
  2699 | D:4      | Slain by an orc

Vault maps used:
D:1:      roderic_crossed_star
D:2:      minmay_kobold_bridge, nicolae_overflow_crystal_walls,
          grunt_ministairs_4
D:3:      minitemple, first_bread
D:4:      grunt_temple_overflow_order_and_chaos_1, serial_bayou_pond_d,
          led_xom_imps

Skill      XL: |  1  2  3  4 |
---------------+-------------+-----
Shields        | 4 |  4.9
Armour         | 4 |  4.2
Dodging        | 1 |  1.2
Fighting       | |  3.8
Maces & Flails | |  0.2
Unarmed Combat | |  2.8

Action                   |  1- 3 |  4- 6 || total
-------------------------+-------+-------++-------
Melee: Unarmed           |   129 |   167 ||   296
       Morningstar       |       |    52 ||    52
  Use: Scroll            |       |     2 ||     2
  Eat: Bread ration      |       |     1 ||     1
Armor: Scale mail        |    47 |   116 ||   163
Dodge: Dodged            |    34 |    71 ||   105
Block: Shield            |    46 |   117 ||   163
